 Dungeon Crawl Stone Soup version 0.26.1-11-gd32895ea62 (webtiles) character file.

Game seed: 12330451863296534694

110382 KamiKatze the Eclecticist (level 16, -15/132 HPs)
             Began as a Green Draconian Conjurer on June 8, 2021.
             Was a High Priest of Vehumet.
             Killed from afar by a will-o-the-wisp (17 damage)
             ... with a foxfire
             ... on level 1 of the Swamp on June 9, 2021.
             The game lasted 02:59:27 (33783 turns).

KamiKatze the Eclecticist (DrCj)                   Turns: 33783, Time: 02:59:28

Health: -15/132    AC: 15    Str:  8    XL:     16   Next: 7%
Magic:  33/35      EV: 15    Int: 31    God:    Vehumet [*****.]
Gold:   3521       SH: 10    Dex: 12    Spells: 10/45 levels left

rFire    . . .     SeeInvis +   I - +9 whip of Wu Jian's Indignation {freeze, +Blink rElec Str-3 SInv}
rCold    + + +     Faith    .   T - +0 buckler
rNeg     . . .     Spirit   .   (armour unavailable)
rPois    +         Reflect  +   m - +2 hat "Vuddy Tant" {rCorr Dex+3 Slay+2}
rElec    +         Harm     .   (no cloak)
rCorr    +         Rampage  .   (no gloves)
Will     ++++.                  (no boots)
Stlth    +.........             s - amulet of reflection
HPRegen  0.32/turn              p - +6 ring of intelligence
MPRegen  0.24/turn              b - ring of Cuasiy {rC+++ Will+++ AC+4 Slay-3 Stlth-}

@: very slow
A: breathe noxious fumes, unfitting armour, stinger 1, poison resistance,
cold-blooded, AC +9
a: Breathe Noxious Fumes, Renounce Religion, Evoke Blink


You were on level 1 of the Swamp.
You worshipped Vehumet.
Vehumet was extremely pleased with you.
You visited 5 branches of the dungeon, and saw 25 of its levels.
You also visited: Sewer, Ossuary and Ice Cave.

You collected 3521 gold pieces.

Inventory:

Hand Weapons
 a - the +8 hunting sling "Tynyaneta" {vorpal, Str+2 Int+4 Dex+2}
   (You took it off an orc on level 8 of the Dungeon)

   Any stone fired from it inflicts extra damage.
   It affects your strength (+2).
   It affects your intelligence (+4).
   It affects your dexterity (+2).
 w - a +2 short sword of venom
 I - the +9 whip of Wu Jian's Indignation (weapon) {freeze, +Blink rElec Str-3 SInv}
   (You found it on level 3 of the Lair of Beasts)

   It has been specially enchanted to freeze those struck by it, causing extra
   injury to most foes and up to half again as much damage against particularly
   susceptible opponents.
   It can also slow down cold-blooded creatures.
   It affects your strength (-3).
   It insulates you from electricity.
   It lets you see invisible.
   It lets you blink.
Missiles
 c - 47 poisoned darts (quivered)
 N - 2 throwing nets
 V - 5 curare-tipped darts
Armour
 m - the +2 hat "Vuddy Tant" (worn) {rCorr Dex+3 Slay+2}
   (You found it on level 3 of the Lair of Beasts)

   It affects your dexterity (+3).
   It affects your accuracy and damage with ranged weapons and melee attacks
   (+2).
   It provides partial protection from all sources of acid and corrosion.
 A - a +2 hat of see invisible
 T - a +0 buckler (worn)
Magical Staves
 K - an uncursed staff of fire
 O - an uncursed staff of poison
Jewellery
 b - the ring of Cuasiy (right hand) {rC+++ Will+++ AC+4 Slay-3 Stlth-}
   (You acquired it in an ice cave)

   [ring of protection]

   It affects your AC (+4).
   It affects your accuracy and damage with ranged weapons and melee attacks
   (-3).
   It renders you almost immune to cold.
   It affects your willpower, your defense against some magical effects.
   It makes you less stealthy.
 g - an uncursed ring of resist corrosion
 j - an uncursed ring of protection from cold
 p - a +6 ring of intelligence (left hand)
 s - an amulet of reflection (around neck)
 y - an uncursed ring of positive energy
 G - an uncursed ring of fire
 L - an uncursed ring of wizardry
Wands
 E - a wand of paralysis (9)
 F - a wand of polymorph (13)
 H - a wand of acid (25)
 P - a wand of iceblast (2)
 U - a wand of flame (7)
Scrolls
 d - 14 scrolls of teleportation
 e - 6 scrolls of remove curse
 i - 2 scrolls of blinking
 l - 3 scrolls of fog
 u - 3 scrolls of magic mapping
 M - 12 scrolls of identify
 Y - a scroll of fear
Potions
 f - 2 potions of berserk rage
 h - 13 potions of curing
 n - 7 potions of heal wounds
 o - 2 potions of lignification
 q - 5 potions of flight
 r - 4 potions of invisibility
 t - 8 potions of haste
 v - 9 potions of brilliance
 x - 4 potions of cancellation
 z - 3 potions of might
 B - 3 potions of attraction
 D - 2 potions of magic
 J - 4 potions of resistance
Miscellaneous
 C - a condenser vane
 S - a phial of floods


   Skills:
 + Level 9.5 Fighting
 - Level 6.0 Dodging
 + Level 6.7 Stealth
 - Level 4.0 Shields
 * Level 15.1 Spellcasting
 * Level 14.0 Conjurations
 - Level 9.0 Hexes
 - Level 9.0 Translocations
 * Level 4.2 Fire Magic
 - Level 6.0 Ice Magic
 * Level 1.6 Air Magic


You had 10 spell levels left.
You knew the following spells:

 Your Spells              Type           Power        Failure   Level
a - Magic Dart            Conj           100%         0%          1
b - Searing Ray           Conj           100%         0%          2
c - Fulminant Prism       Conj/Hex       38%          1%          4
d - Iskenderun's Mystic   Conj/Tloc      76%          1%          4
e - Fireball              Conj/Fire      34%          1%          5
f - Frozen Ramparts       Ice            100%         1%          3
g - Conjure Ball Lightni  Conj/Air       32%          3%          6
h - Orb of Destruction    Conj           42%          1%          7
i - Mephitic Cloud        Conj/Pois/Air  54%          1%          3

Your spell library contained the following spells:

 Spells                   Type           Power        Failure   Level
 Corona                   Hex            75%          1%          1
 Freeze                   Ice            100%         1%          1
 Sting                    Tmut/Pois      92%          1%          1
 Summon Small Mammal      Summ           92%          1%          1
 Ensorcelled Hibernation  Hex/Ice        100%         1%          2
 Poisonous Vapours        Pois/Air       56%          1%          2
 Confusing Touch          Hex            68%          1%          3
 Dazzling Flash           Conj/Hex       100%         1%          3
 Ignite Poison            Fire/Tmut/Pois 32%          1%          3
 Ozocubu's Armour         Ice            57%          1%          3
 Summon Guardian Golem    Hex/Summ       50%          1%          3
 Tukima's Dance           Hex            68%          1%          3
 Hailstorm                Conj/Ice       72%          1%          4
 Call Imp                 Summ           23%          3%          2
 Olgreb's Toxic Radiance  Pois           23%          5%          4
 Summon Ice Beast         Ice/Summ       42%          5%          4
 Call Canine Familiar     Summ           23%          6%          3
 Silence                  Hex/Air        27%          6%          5
 Summon Lightning Spire   Summ/Air       28%          14%         4
 Borgnjor's Vile Clutch   Necr/Erth      11%          47%         5
 Shadow Creatures         Summ           N/A          96%         6


Dungeon Overview and Level Annotations

Branches:
Dungeon (15/15)            Temple (1/1) D:6            Lair (6/6) D:8
  Swamp (1/4) Lair:3        Snake (0/4) Lair:2        Slime (0/5) Lair:6
    Orc (2/2) D:11            Elf (0/3) Orc:2        Vaults (0/5) D:13
 Depths (0/5) D:15          Sewer (visited)         Ossuary (visited)
  IceCv (visited)

Altars:
Ashenzari
Cheibriados
Dithmenos
Elyvilon
Fedhas
Gozag
Hepliaklqana
Kikubaaqudgha
Makhleb
Nemelex Xobeh
Okawaru
Qazlal
Ru
Sif Muna
Trog
Uskayaw
Vehumet
Wu Jian
Xom
Yredelemnul
Zin
The Shining One
Jiyva

Shops:
D:9 }   D:14 ?   D:15 (   Orc:2 [!**(

Annotations:
D:13 brob1's ghost, journeyman DDFi
Swamp:1 Frances; Kirke


Innate Abilities, Weirdness & Mutations

You can breathe blasts of noxious fumes.
Your lurid green scales are hard. (AC +9)
You cannot fit into any form of body armour.
Your tail ends in a poisonous barb.
Your system is resistant to poisons. (rPois)
You are cold-blooded and may be slowed by cold attacks.


Message History

Casting: Conjure Ball Lightning (dangerous; 3% risk of failure)
Confirm with . or Enter, or press ? or * to list all spells.
You erupt in a blast of force!
The mystic blast hits Kirke!
Kirke is lightly wounded.
Kirke is knocked back by the mystic blast.
The mystic blast hits the hog!!
You kill the hog!
Vehumet accepts your kill.
You feel your power returning.
The mystic blast hits the will-o-the-wisp!!
The will-o-the-wisp is heavily damaged.
The will-o-the-wisp is knocked back by the mystic blast.
The mystic blast hits the swamp worm!
The swamp worm is moderately wounded.
The swamp worm is knocked back by the mystic blast.
The swamp worm collides with the foxfire!
The foxfire hits you!!
* * * LOW HITPOINT WARNING * * *
The foxfire hits you!
You die...

≈≈≈♣≈♣≈♣♣♣. ≈≈≈
≈≈≈≈♣..≈♣≈♣♣.≈≈
≈≈≈≈≈.$.≈.♣43.
≈≈≈≈♣≈..≈..@. ≈
≈≈≈v≈.≈≈...♣♣♣♣.≈
♣≈♣..≈≈@...≈≈....
....≈§§≈≈≈≈.§≈...
≈....§v≈§≈≈.≈≈..w
≈.$..§w@§§...≈...
≈♣.≈≈≈v.§<.t...♣
♣..≈.§≈§.♣♣♣♣≈♣≈.
........#♣ .
..≈≈≈...#
.≈≈≈....#
≈≈≈≈≈.≈.#
≈≈≈.≈.... ≈..≈


You could see Frances, Kirke, an alligator (swift), a will-o-the-wisp, a
sixfirhy (summoned), a swamp worm and a red devil (summoned).

Vanquished Creatures
  Rupert (Lair:3)
  Gastronok (D:8)
  A frost giant (D:15)
  An orc warlord (Orc:1)
  Louise (D:14)
  Nessos (D:13)
  A fire dragon (Lair:6)
  10 hydras
  2 boulder beetles
  An ice dragon (Lair:6)
  11 two-headed ogres
  3 centaur warriors
  Erica (Lair:1)
  3 ogre magi
  A tengu warrior (D:14)
  Sonja (Lair:3)
  An unseen horror (D:10)
  2 deep trolls
  A swamp dragon (Lair:6)
  A lindwurm (Lair:6)
  A deep elf mage (D:15)
  3 orc knights
  A necromancer (IceCv)
  9 ugly things (D:14)
  4 oklob plants
  A wolf spider (Lair:3)
  5 cyclopes
  A manticore (D:11)
  19 elephants
  3 ice statues (IceCv)
  8 black mambas
  A centaur zombie (D:15)
  6 torpor snails
  14 cane toads
  A gargoyle (D:14)
  11 rime drakes
  A freezing wraith (D:15)
  An efreet (D:14)
  8 komodo dragons
  A yaktaur (D:15)
  2 kobold demonologists
  A tengu conjurer (D:14)
  6 ice devils (IceCv)
  A queen bee (D:13)
  A meliai (D:13)
  12 trolls
  2 polar bears
  9 hornets
  5 tyrant leeches
  5 slime creatures
  2 dream sheep (Lair:6)
  16 blink frogs
  A vampire (D:13)
  A tarantella (Lair:3)
  A wyvern (Lair:2)
  A shadow (D:13)
  11 basilisks
  2 wraiths
  5 hogs (Swamp:1)
  32 yaks
  Eustachio (D:5)
  13 steam dragons
  9 vampire mosquitoes
  6 wargs
  2 nagas (Lair:2)
  A swamp worm (Lair:3)
  3 acid dragons
  6 water moccasins
  A black bear (Lair:5)
  2 swamp drakes
  4 sky beasts
  A hornet zombie (D:7)
  A necrophage (D:11)
  2 phantoms (D:9)
  20 orc warriors
  2 ice beasts
  An ice beast (shapeshifter) (D:14)
  34 ogres
  10 centaurs
  44 wolves
  A boggart (D:13)
  17 bullfrogs
  4 big kobolds (D:13)
  A wyvern zombie (D:10)
  5 scorpions
  12 killer bees (D:13)
  6 wights
  2 howler monkeys (D:8)
  4 electric eels
  A bullfrog zombie (D:12)
  2 draconian simulacra (IceCv)
  6 centaur skeletons
  3 jellies
  6 hounds
  16 orc priests
  5 iguanas
  22 orc wizards
  10 worker ants
  A merfolk siren (Sewer)
  3 troll simulacra (IceCv)
  A merfolk avatar (Sewer)
  A spriggan simulacrum (IceCv)
  2 centaur simulacra (IceCv)
  A hound skeleton (D:9)
  9 mummies
  A worker ant zombie (D:4)
  A howler monkey skeleton (D:11)
  A naga simulacrum (IceCv)
  11 adders
  An ogre simulacrum (IceCv)
  4 shadow imps
  4 white imps
  An ooze (D:3)
  2 worms
  2 dart slugs
  8 leopard geckos
  80 orcs
  5 bats
  15 giant cockroaches
  2 gnoll zombies (Ossuary)
  11 goblins
  7 hobgoblins
  8 jackals
  12 kobolds
  4 quokkas
  6 ball pythons
  9 frilled lizards
  A goblin zombie (D:6)
  A hobgoblin zombie (Ossuary)
  A jackal zombie (D:8)
  3 kobold zombies
  2 leopard gecko zombies
  3 orc zombies (Ossuary)
  29 rats
  2 fulminant prisms
801 creatures vanquished.

Vanquished Creatures (collateral kills)
  A ball lightning (D:13)
1 creature vanquished.

Vanquished Creatures (others)
  A necrophage (D:13)
  19 ball lightnings
  6 foxfires (Swamp:1)
  346 fulminant prisms
  75 fungi
  116 plants
563 creatures vanquished.

Grand Total: 1365 creatures vanquished

Notes
Turn   | Place    | Note
-------+----------+-------------------------------------------
     0 | D:1      | KamiKatze the Draconian Conjurer began the quest for the
                  | Orb.
     0 | D:1      | Reached XP level 1. HP: 14/14 MP: 3/3
   184 | D:1      | Reached XP level 2. HP: 17/20 MP: 1/5
   187 | D:1      | Learned a level 2 spell: Searing Ray
   945 | D:1      | Found a sparkling altar of Nemelex Xobeh.
  1064 | D:2      | Reached XP level 3. HP: 26/26 MP: 1/6
  1562 | D:2      | Reached skill level 3 in Spellcasting
  1562 | D:2      | Reached XP level 4. HP: 33/33 MP: 2/8
  1992 | D:3      | Reached skill level 5 in Conjurations
  2085 | D:3      | Found a glowing drain.
  2094 | Sewer    | Entered a sewer
  2312 | Sewer    | Reached XP level 5. HP: 26/38 MP: 4/10
  2567 | Sewer    | Reached skill level 4 in Spellcasting
  2999 | D:3      | Learned a level 4 spell: Fulminant Prism
  3004 | D:3      | Learned a level 4 spell: Iskenderun's Mystic Blast
  3005 | D:4      | Noticed an ogre
  3008 | D:4      | Killed an ogre
  3009 | D:4      | Reached XP level 6. HP: 46/46 MP: 7/12
  3093 | D:4      | Reached skill level 1 in Translocations
  3140 | D:4      | Reached skill level 1 in Hexes
  3378 | D:4      | Your scales start taking on a lurid green colour.
  3378 | D:4      | Reached XP level 7. HP: 51/51 MP: 9/13
  3378 | D:4      | Gained mutation: Your system is resistant to poisons.
                  | (rPois) [Green Draconian growth]
  3474 | D:5      | Entered Level 5 of the Dungeon
  3517 | D:5      | Found an ornate altar of the Wu Jian Council.
  4131 | D:5      | Noticed Eustachio
  4141 | D:5      | Killed Eustachio
  4142 | D:5      | Reached skill level 5 in Spellcasting
  4458 | D:6      | Found a staircase to the Ecumenical Temple.
  4466 | Temple   | Entered the Ecumenical Temple
  4708 | D:6      | Reached XP level 8. HP: 58/58 MP: 11/15
  4809 | D:6      | Found a sand-covered staircase.
  4895 | Ossuary  | Entered an ossuary
  6406 | D:7      | Reached skill level 6 in Spellcasting
  6522 | D:7      | Found a sacrificial altar of Ru.
  6656 | D:7      | Reached XP level 9. HP: 63/63 MP: 7/18
  6972 | D:7      | Reached skill level 5 in Translocations
  7378 | D:8      | Reached skill level 1 in Fighting
  7405 | D:8      | Noticed Gastronok
  7702 | D:8      | Killed Gastronok
  7703 | D:8      | Reached skill level 7 in Spellcasting
  7703 | D:8      | Reached skill level 5 in Hexes
  7703 | D:8      | Reached XP level 10. HP: 75/75 MP: 2/20
  7703 | D:8      | Reached skill level 11 in Spellcasting
  7703 | D:8      | Reached XP level 11. HP: 81/81 MP: 2/26
  8054 | D:8      | Noticed a two-headed ogre
  8091 | D:8      | Found a glowing golden altar of the Shining One.
  8091 | D:8      | Found a radiant altar of Vehumet.
  8095 | D:8      | Became a worshipper of Vehumet
  8114 | D:8      | Identified the +8 hunting sling "Tynyaneta" {vorpal, Str+2
                  | Int+4 Dex+2}
  8128 | D:8      | Killed a two-headed ogre
  8423 | D:8      | Found a staircase to the Lair.
  8579 | D:9      | Found a blossoming altar of Fedhas.
  8719 | D:9      | Found Zompato's Gadget Shop.
  8871 | D:9      | Reached * piety under Vehumet
  8871 | D:9      | Offered knowledge of Foxfire by Vehumet.
  9156 | D:10     | Entered Level 10 of the Dungeon
  9648 | D:10     | Noticed an unseen horror
  9657 | D:10     | Killed an unseen horror
 10115 | D:11     | Found a blossoming altar of Fedhas.
 10454 | D:11     | Reached skill level 12 in Spellcasting
 10980 | D:11     | Reached ** piety under Vehumet
 10980 | D:11     | Offered knowledge of Sandblast by Vehumet.
 11112 | D:11     | Found a staircase to the Orcish Mines.
 11356 | Lair:1   | Entered Level 1 of the Lair of Beasts
 11374 | Lair:1   | Noticed Erica
 11871 | Lair:1   | Killed Erica
 11872 | Lair:1   | Reached XP level 12. HP: 80/92 MP: 20/28
 12156 | Lair:1   | Noticed a four-headed hydra
 12163 | Lair:1   | Killed a four-headed hydra
 12323 | Lair:1   | Reached skill level 10 in Conjurations
 12502 | Lair:1   | Found the +8 frozen axe "Frostbite" {freezing cloud, *Noise
                  | +Fly rC+}
 12565 | Lair:1   | Offered knowledge of Stone Arrow by Vehumet.
 12566 | Lair:1   | Reached skill level 5 in Fighting
 12566 | Lair:1   | Reached skill level 5 in Stealth
 13175 | Lair:2   | Reached *** piety under Vehumet
 13319 | Lair:2   | Reached skill level 5 in Dodging
 13743 | Lair:2   | Offered knowledge of Frozen Ramparts by Vehumet.
 14118 | Lair:2   | Found a staircase to the Snake Pit.
 14649 | Lair:3   | Reached XP level 13. HP: 102/102 MP: 24/29
 14884 | Lair:3   | Reached **** piety under Vehumet
 14885 | Lair:3   | Reached skill level 13 in Spellcasting
 15049 | Lair:3   | Learned a level 3 spell: Frozen Ramparts
 15091 | Lair:3   | Offered knowledge of Yara's Violent Unravelling by Vehumet.
 15302 | Lair:3   | Reached skill level 1 in Ice Magic
 15359 | Lair:3   | Noticed Rupert
 15567 | Orc:1    | Entered Level 1 of the Orcish Mines
 16225 | Orc:2    | Entered Level 2 of the Orcish Mines
 16261 | Orc:1    | Reached ***** piety under Vehumet
 16423 | Orc:2    | Offered knowledge of Irradiate by Vehumet.
 16870 | Orc:2    | Noticed an orc warlord
 17981 | D:12     | Gained mutation: Your tail ends in a poisonous barb. [Green
                  | Draconian growth]
 17981 | D:12     | Reached XP level 14. HP: 92/113 MP: 19/31
 18714 | Orc:1    | Killed an orc warlord
 19134 | Orc:2    | Found Riefeim's Distillery.
 19135 | Orc:2    | Found a staircase to the Elven Halls.
 19135 | Orc:2    | Found Veumom's General Store.
 19156 | Orc:2    | Found Pelump's Antique Armour Shoppe.
 19166 | Orc:2    | Found Itukk's General Store.
 19269 | Orc:2    | Found Ibittoeha's Antique Weapon Emporium.
 19771 | D:13     | Reached skill level 5 in Ice Magic
 20368 | D:13     | Found a gate to the Vaults.
 20426 | D:13     | Noticed Nessos
 20574 | D:13     | Killed Nessos
 21121 | D:13     | Noticed brob1's ghost (journeyman DDFi)
 21149 | D:13     | Found a transporter.
 21154 | D:13     | Found a transporter.
 21449 | D:14     | Found Osmeoc's Magic Scroll Shoppe.
 22028 | D:14     | Reached skill level 14 in Spellcasting
 22370 | D:14     | Reached skill level 1 in Shields
 22627 | D:14     | Noticed Louise
 22657 | D:13     | Learned a level 3 spell: Mephitic Cloud
 22945 | Lair:3   | Noticed Sonja
 22955 | Lair:3   | Killed Sonja
 23263 | Lair:3   | Killed Rupert
 23427 | Lair:3   | Offered knowledge of Orb of Destruction by Vehumet.
 23436 | Lair:3   | Learned a level 7 spell: Orb of Destruction
 23589 | Lair:3   | Found a runed translucent door.
 23813 | Lair:3   | Found a staircase to the Swamp.
 24193 | Lair:4   | Found a frozen archway.
 24237 | IceCv    | Entered an ice cave
 24559 | IceCv    | Identified a scroll of acquirement
 24559 | IceCv    | Acquired the ring of Cuasiy {rC+++ Will+++ AC+4 Slay-3
                  | Stlth-}
 24746 | IceCv    | Reached XP level 15. HP: 121/121 MP: 17/33
 25009 | IceCv    | Got a pair of faintly humming gloves
 25015 | IceCv    | Identified the +0 pair of gloves "Ceomuifi" {-Cast Str+8}
                  | (You found it in an ice cave)
 25404 | Lair:4   | Found a bloodstained altar of Trog.
 27251 | Lair:6   | Entered Level 6 of the Lair of Beasts
 27582 | Lair:6   | Reached ****** piety under Vehumet
 27583 | Lair:6   | Offered knowledge of Fireball by Vehumet.
 27595 | Lair:5   | Learned a level 5 spell: Fireball
 27849 | Lair:6   | Found a viscous altar of Jiyva.
 27991 | Lair:6   | Found a staircase to the Slime Pits.
 28086 | Lair:6   | Reached skill level 1 in Fire Magic
 28475 | Lair:6   | Found a runed translucent door.
 29812 | Lair:3   | Got a jewelled hat
 29823 | Lair:3   | Identified the +2 hat "Vuddy Tant" {rCorr Dex+3 Slay+2}
                  | (You found it on level 3 of the Lair of Beasts)
 29834 | Lair:3   | Got a bone whip
 29835 | Lair:3   | Identified the +9 whip of Wu Jian's Indignation {freeze,
                  | +Blink rElec Str-3 SInv} (You found it on level 3 of the
                  | Lair of Beasts)
 30112 | D:14     | Reached skill level 15 in Spellcasting
 30149 | D:14     | Killed Louise
 30459 | D:14     | Found Osmeoc's Magic Scroll Shoppe.
 31093 | D:14     | Got an encrusted rapier
 31094 | D:14     | Identified the cursed +3 rapier "Loopy" {pain, rF+} (You
                  | found it on level 14 of the Dungeon)
 31398 | D:15     | Entered Level 15 of the Dungeon
 31676 | D:15     | Offered knowledge of Conjure Ball Lightning by Vehumet.
 31688 | D:15     | Learned a level 6 spell: Conjure Ball Lightning
 31851 | D:15     | Found Mesom's Weapon Shop.
 32125 | D:15     | Noticed a frost giant
 32129 | D:15     | Killed a frost giant
 32130 | D:15     | Reached skill level 1 in Air Magic
 32130 | D:15     | Reached XP level 16. HP: 90/132 MP: 15/35
 32246 | D:15     | Found a staircase to the Depths.
 33776 | Swamp:1  | Entered Level 1 of the Swamp
 33776 | Swamp:1  | Noticed Kirke
 33781 | Swamp:1  | Noticed Frances
 33783 | Swamp:1  | HP: 2/132 [will-o-the-wisp/foxfire (26)]
 33783 | Swamp:1  | Killed from afar by a will-o-the-wisp

Illustrated notes

Levels and vault maps discovered:
D:1:      ncdulo_halloftheorcs, layout_basic, kennysheep_minor_cross,
          nemelex_diamond_rough_becter
D:2:      minmay_inner_zag, layout_loops_ring
D:3:      layout_rooms, gup_sewer_entry_pipe
D:4:      layout_rooms
D:5:      layout_loops_ring, nzn_wu_jian_council_hall, supply_closet_lemuel,
          uniq_eustachio
D:6:      layout_loops_corners, minmay_temple_entry_trees,
          nicolae_ossuary_entry_giza, nrook_uturn, serial_bayou_lagoon_a
D:7:      layout_gridville, nicolae_ru_sacrificial_ziggurat, st_stairs_2
D:8:      layout_basic, gammafunk_temple_overflow_elements, lair_entry_dummy,
          hangedman_decor_clover_reticule, uniq_gastronok
D:9:      layout_rooms, serial_shops, shop, fedhas_altar_2
D:10:     layout_roguey
D:11:     layout_stronghold, erik_orc_1, basic_altar
D:12:     layout_stronghold
D:13:     lemuel_ice_spiral_2, layout_stronghold,
          hangedman_vaults_entry_quadrant_bands, gammafunk_ghost_hive,
          uniq_nessos
D:14:     layout_layer_cave, grunt_decor_mini_mirrors, serial_shops,
          nicolae_shop_waterfront, uniq_louise
D:15:     grunt_enter_depths_snipers, layout_stronghold, serial_shops, shop,
          grunt_decor_arrowhead
Temple:   dpeg_five_rooms_temple
Lair:1:   layout_long_grid, infiniplex_staircase_pool,
          minmay_lair_oklob_chamber, uniq_erica
Lair:2:   layout_chaotic_city, guppyfry_snake_entry_island, st_stairs_12,
          bobbens_dragon_lair_wall, grunt_megastairs_4
Lair:3:   gammafunk_indiana_jones, layout_long_grid, palyth_hydra_swamp_entry,
          uniq_sonja, uniq_rupert
Lair:4:   layout_loops_ring, basic_altar, portal_ice_cave_entry_pillars_1,
          nicolae_volcano_entry_two_sided, lemuel_fruit_tree,
          serial_bayou_shore_a, infiniplex_staircase_pool_2
Lair:5:   layout_layer_cave, grunt_forest_large_clearings, grunt_megastairs_3
Lair:6:   guppyfry_lair_end_dragon, layout_loops_ring, wormcave, slime_altar_1
Swamp:1:  layout_basic_swamp, hangedman_swamp_ruin_wall, swamp_pool2,
          uniq_frances, uniq_kirke
Orc:1:    layout_caves
Orc:2:    st_orc_open, layout_diamond_mine, serial_shops,
          nicolae_shop_behind_doors, nicolae_orc_sculptors_studio

Skill      XL: |  1  2  3  4  5  6  7  8  9 10 11 12 13 14 15 |
---------------+----------------------------------------------+-----
Stealth        | 2 3 4 5 6 |  6.7
Dodging        | 2 3 4 5 6 |  6.0
Spellcasting   | 3 4 5 6 7 11 12 13 14 15 | 15.1
Conjurations   | 5 6 7 8 9 10 11 12 14 | 14.0
Translocations | 1 3 4 5 6 7 8 9 |  9.0
Hexes          | 1 2 4 5 6 7 8 9 |  9.0
Fighting       | 2 4 6 7 8 9 |  9.5
Ice Magic      | 4 6 |  6.0
Shields        | 3 4 |  4.0
Fire Magic     | 4 |  4.2
Air Magic      | 1 |  1.6

Action                   |  1- 3 |  4- 6 |  7- 9 | 10-12 | 13-15 | 16-18 || total
-------------------------+-------+-------+-------+-------+-------+-------++-------
Melee: Unarmed           |     4 |       |       |       |       |       ||     4
       Club              |     3 |       |       |       |       |       ||     3
       Spear             |    14 |    89 |     6 |       |       |       ||   109
       Tailslap          |     1 |     6 |     1 |     1 |     4 |       ||    13
       Short sword       |       |       |    12 |    14 |    50 |       ||    76
 Fire: Hunting sling     |       |       |       |    12 |       |       ||    12
Throw: Stone             |     5 |       |       |       |       |       ||     5
       Dart              |       |       |     3 |       |       |       ||     3
 Cast: Magic Dart        |    64 |    46 |    40 |    19 |    16 |       ||   185
       Searing Ray       |     2 |    24 |    60 |    86 |    89 |       ||   261
       Fulminant Prism   |       |       |    11 |    87 |   251 |       ||   349
       Iskenderun's Myst |       |       |       |    26 |   203 |     7 ||   236
       Frozen Ramparts   |       |       |       |       |    22 |       ||    22
       Orb of Destructio |       |       |       |       |    50 |       ||    50
       Fireball          |       |       |       |       |     6 |     1 ||     7
       Conjure Ball Ligh |       |       |       |       |     2 |     7 ||     9
 Abil: Breathe Noxious F |       |       |     1 |     1 |     9 |       ||    11
Evoke: Wand              |       |       |       |     1 |     8 |       ||     9
  Use: Scroll            |       |     8 |    12 |    11 |    11 |     2 ||    44
       Potion            |       |       |       |     2 |       |       ||     2
 Stab: Sleeping          |       |     1 |       |     1 |       |       ||     2
       Confused          |       |       |       |       |     1 |       ||     1
       Paralysed         |       |       |       |       |     3 |       ||     3
Armor: Skin              |     5 |    38 |    21 |    22 |    66 |     2 ||   154
Dodge: Dodged            |    20 |    62 |    29 |    75 |   235 |    10 ||   431
Block: Other             |       |       |       |       |    48 |       ||    48
       Reflection        |       |       |       |       |    21 |       ||    21
       Buckler           |       |       |       |       |    87 |     8 ||    95
